 Dungeon Crawl Stone Soup version 0.14.0-12-g87ee3b7 (webtiles) character file.

480 Leibowitz the Ducker (level 6, 0/48 HPs)
             Began as a Merfolk Gladiator on Apr 16, 2014.
             Slain by a sky beast (6 damage)
             ... on Level 4 of the Dungeon.
             The game lasted 00:12:01 (3245 turns).

Leibowitz the Ducker (Merfolk Gladiator)            Turns: 3245, Time: 00:12:02

HP   0/48        AC  4     Str 13      XL: 6   Next: 58%
MP   6/6         EV 15     Int  7      God:
Gold 136         SH  0     Dex 17      Spells:  0 memorised,  5 levels left

rFire  . . .     SeeInvis +     a - +0,+1 trident
rCold  . . .     Clarity  .     b - +0 leather armour
rNeg   . . .     Conserve .     (no shield)
rPois  .         rCorr    .     c - +0 helmet
rElec  .         rRot     .     (no cloak)
SustAb . .       Spirit   .     (no gloves)
rMut   .         Warding  .     (no boots)
Saprov . . .     Stasis   .     (no amulet)
MR     .....                    (no ring)
                                y - cursed ring of see invisible

@: not resistant to hostile enchantments, unstealthy
A: change form in water, swift swim, regeneration 1, spit poison 1, weak 1
a: Spit Poison


You were on level 4 of the Dungeon.
You were not hungry.

You visited 1 branch of the dungeon, and saw 4 of its levels.

You collected 136 gold pieces.

Inventory:

Hand weapons
 a - a +0,+1 trident (weapon)
Missiles
 d - 2 throwing nets (quivered)
 j - 37 stones
 m - 17 poisoned needles
 s - 11 exploding darts
Armour
 b - a +0 leather armour (worn)
 c - a +0 helmet (worn)
Magical devices
 x - a wand of draining (6)
Comestibles
 f - 3 bread rations
 k - a rotting chunk of rat flesh
 o - a chunk of bat flesh
 q - 5 meat rations
 t - a choko
 w - a chunk of rat flesh
Scrolls
 g - a scroll of teleportation
 l - 9 scrolls of identify
 n - 2 scrolls of recharging
 p - a scroll of random uselessness
 r - 2 scrolls of remove curse
Jewellery
 y - a cursed ring of see invisible (left hand)
Potions
 e - a potion of heal wounds
 h - a potion of restore abilities
 i - 2 potions of curing
 u - 2 potions of brilliance
 v - a potion of might


   Skills:
 * Level 3.9 Fighting
 + Level 5.5 Polearms
 + Level 2.6 Throwing
 + Level 1.9 Armour
 + Level 6.2 Dodging
 + Level 1.2 Stealth


You had 5 spell levels left.
You didn't know any spells.

Dungeon Overview and Level Annotations

Branches:
Dungeon (4/15)
 Temple: D:4-7

Altars:
Yredelemnul


Innate Abilities, Weirdness & Mutations

You revert to your normal form in water.
You are very nimble and swift while swimming.
Your natural rate of healing is unusually fast.
You can spit poison.
You are weak. (Str -2)


Message History

The sky beast hits you but does no damage.
You barely miss the sky beast.
The sky beast is almost dead.
The sky beast hits you. The sky beast shocks you!
You closely miss the sky beast.
The sky beast is almost dead.
The sky beast flickers out of sight for a moment.
The sky beast misses you.
You barely miss the sky beast.
The sky beast is almost dead.
The sky beast hits you.
* * * LOW HITPOINT WARNING * * *
The sky beast shocks you!
* * * LOW HITPOINT WARNING * * *
You closely miss the sky beast.
The sky beast is almost dead.
The sky beast hits you.
* * * LOW HITPOINT WARNING * * *
The sky beast shocks you!
You die...

### #.. ###.# ##...# ....# #...#
####### #.I.# ### ......# #[@.#
#.. ......# ###.# #.#### ......#
#.##.#....#
......###########.##.#....######
................................
#####.###########.##.#...>.....#
###.#########...........####.#
#....................##.#
#.#.#########........##.#


You could see a sky beast (invisible).

Vanquished Creatures
  A human (D:3)
  2 orc wizards (D:4)
  Ijyb (D:2)
  6 adders
  A worm (D:2)
  7 orcs
  A ball python (D:2)
  5 bats
  2 giant cockroaches
  6 goblins
  8 hobgoblins
  2 oozes (D:1)
  5 quokkas
  3 giant geckos
  11 giant newts
  A jackal skeleton (D:3)
  3 kobolds
  A kobold zombie (D:3)
  10 rats
76 creatures vanquished.

Notes
Turn   | Place    | Note
--------------------------------------------------------------
     0 | D:1      | Leibowitz, the Merfolk Gladiator, began the quest for the Orb.
     0 | D:1      | Reached XP level 1. HP: 16/16 MP: 1/1
   177 | D:1      | Reached XP level 2. HP: 20/23 MP: 2/2
   828 | D:1      | You fall through a shaft!
  1156 | D:2      | Reached XP level 3. HP: 26/28 MP: 3/3
  1231 | D:2      | Noticed Ijyb
  1272 | D:2      | Killed Ijyb
  1599 | D:2      | Reached XP level 4. HP: 31/35 MP: 4/4
  1605 | D:2      | Reached skill level 5 in Dodging
  2221 | D:3      | Reached skill level 5 in Polearms
  2234 | D:3      | Reached skill level 1 in Armour
  2453 | D:3      | Noticed a human
  2531 | D:3      | Found a basalt altar of Yredelemnul.
  2601 | D:3      | Killed a human
  2601 | D:3      | Reached skill level 1 in Stealth
  2601 | D:3      | Reached XP level 5. HP: 4/41 MP: 5/5
  2601 | D:3      | Reached XP level 6. HP: 4/47 MP: 6/6
  2611 | D:3      | Gained mutation: You are weak. (Str -2) [potion of mutation]
  2611 | D:3      | Gained mutation: Your natural rate of healing is unusually fast. [potion of mutation]
  2611 | D:3      | Gained mutation: You can spit poison. [potion of mutation]
  2822 | D:3      | Reached skill level 6 in Dodging
  3245 | D:4      | Slain by a sky beast

Action                   |  1- 3 |  4- 6 || total
-------------------------+-------+-------++-------
Melee: Trident           |   117 |   188 ||   305
Throw: Throwing net      |     2 |     5 ||     7
       Dart              |     1 |     2 ||     3
 Abil: Spit Poison       |       |     1 ||     1
Evoke: Wand              |       |     1 ||     1
  Use: Scroll            |       |     7 ||     7
       Potion            |       |     7 ||     7
 Stab: Held in net/web   |       |     1 ||     1
       Sleeping          |       |     1 ||     1
